 Dungeon Crawl Stone Soup version 0.20.0 (webtiles) character file.

15380 ChaseSP the Geomancer (level 12, -18/68 HPs)
             Began as a Gargoyle Earth Elementalist on May 25, 2017.
             Was an Elder of Sif Muna.
             Demolished by a catoblepas (23 damage)
             ... on level 3 of the Lair of Beasts.
             The game lasted 00:39:11 (15793 turns).

ChaseSP the Geomancer (GrEE)                       Turns: 15793, Time: 00:39:11

Health: -18/68     AC: 18    Str: 12    XL:     12   Next: 26%
Magic:  6/20       EV: 15    Int: 24    God:    Sif Muna [****..]
Gold:   977        SH:  2    Dex: 10    Spells: 6/22 levels left

rFire    + . .     SeeInvis +   K - +6 dagger "Hym Semu" {speed, rC+ Int+3}
rCold    + + .     Gourm    .   (no shield)
rNeg     + . .     Faith    .   M - +2 robe {rC+ rF+}
rPois    ∞         Spirit   .   n - +1 helmet
rElec    +         Reflect  +   (no cloak)
rCorr    .         Harm     .   o - +0 pair of gloves
MR       .....                  (no boots)
Stlth    ++........             P - +2 amulet of reflection
Regen    0.3/turn               B - ring of see invisible
MPRegen  0.2/turn               c - +1 ring of protection

@: no status effects
A: mutation resistance 1, negative energy resistance 1, sense surroundings 1,
shaggy fur 1, electricity resistance, unbreathing, petrification resistance, rot
immunity, AC +8
a: Divine Energy, Channel Magic, Forget Spell, Renounce Religion


You were on level 3 of the Lair of Beasts.
You worshipped Sif Muna.
Sif Muna was greatly pleased with you.
You were hungry.

You visited 2 branches of the dungeon, and saw 13 of its levels.
You also visited: Sewer.

You collected 977 gold pieces.

Inventory:

Hand Weapons
 y - a +0 quarterstaff
 K - the +6 dagger "Hym Semu" (weapon) {speed, rC+ Int+3}
   (You found it on level 1 of the Lair of Beasts)

   Attacks with this weapon are significantly faster.
   It affects your intelligence (+3).
   It protects you from cold.
Missiles
 b - 348 stones (quivered)
Armour
 n - a +1 helmet (worn)
 o - a +0 pair of gloves (worn)
 A - a +2 robe of positive energy
 M - a +2 robe of resistance (worn)
Magical Staves
 f - an uncursed staff of fire
Jewellery
 c - a +1 ring of protection (right hand)
 w - an uncursed ring of flight
 B - a ring of see invisible (left hand)
 D - an uncursed ring of fire
 P - a +2 amulet of reflection (around neck)
Wands
 u - a wand of paralysis (18/24)
 v - a wand of random effects (20/48)
 G - a wand of digging (17/24)
 L - a wand of disintegration (10/24)
 N - a wand of flame (42/48)
 Q - a wand of confusion (12/48)
Scrolls
 g - 2 scrolls of fear
 i - 7 scrolls of remove curse
 p - a scroll of recharging
 q - 2 scrolls of amnesia
 r - 3 scrolls of teleportation
 x - 3 scrolls of blinking
 I - a scroll of enchant armour
 J - a scroll of immolation
Potions
 h - 8 potions of curing
 k - 3 potions of flight
 l - 3 potions of brilliance
 m - a potion of cancellation {unknown}
 t - 5 potions of agility
 z - 2 potions of ambrosia
 C - 5 potions of mutation
 E - 2 potions of lignification
 H - a potion of invisibility {unknown}
 O - 2 potions of haste {unknown}
 R - a potion of resistance
Books
 e - a book of Geomancy

   Spells                             Type                      Level
   a - Sandblast                      Earth                        1
   b - Passwall                       Transmutation/Earth          2
   c - Stone Arrow                    Conjuration/Earth            3
   d - Petrify                        Transmutation/Earth          4
   e - Lee's Rapid Deconstruction     Earth                        5
Miscellaneous
 F - a phantom mirror
Comestibles
 a - 2 meat rations
 d - 9 bread rations
 j - 6 royal jellies
 s - 6 chunks of flesh


   Skills:
 - Level 5.1 Fighting
 - Level 5.5 Staves
 - Level 5.3 Armour
 + Level 6.8 Dodging
 + Level 3.5 Stealth
 + Level 5.6 Spellcasting
 - Level 9.6 Conjurations
 + Level 1.5 Transmutations
 * Level 12.0 Earth Magic
 - Level 5.7 Invocations


You had 6 spell levels left.
You knew the following spells:

 Your Spells              Type           Power        Failure   Level  Hunger
a - Sandblast             Erth           ######       1%          1    None
b - Stone Arrow           Conj/Erth      ######       1%          3    #......
c - Lee's Rapid Deconstr  Erth           ######....   1%          5    #####..
d - Petrify               Tmut/Erth      #####...     4%          4    ###....
e - Regeneration          Chrm/Necr      #.........   24%         3    #......


Dungeon Overview and Level Annotations

Branches:
Dungeon (10/15)            Temple (0/1) D:6            Lair (3/6) D:8
  Swamp: Lair:2-4    Shoals: Lair:2-4     Snake: Lair:2-4    Spider: Lair:2-4
    Orc: D:9-12

Altars:
Ashenzari
Fedhas
Gozag
Hepliaklqana
Makhleb
Okawaru
Qazlal
Sif Muna
Trog
Xom
Yredelemnul
The Shining One

Annotations:
D:5 1 runed door
D:10 exclusion: player ghost, HeyBub's ghost, journeyman MiMo


Innate Abilities, Weirdness & Mutations

You are resistant to torment.
Your stone body is resilient. (AC +8)
You are immune to poison.
You resist negative energy. (rN+)
You are resistant to electric shocks. (rElec)
You can survive without breathing.
You are immune to petrification.
You are immune to rotting.
You are somewhat resistant to further mutation.
You passively map a small area around you.
You are covered in fur. (AC +1)


Message History

The catoblepas is moderately wounded.
The catoblepas misses you.
Casting: Stone Arrow
Confirm with . or Enter, or press ? or * to list all spells.
Aiming: Stone Arrow
Press: ? - help, Shift-Dir - straight line, f/p - catoblepas
Aim: a catoblepas (moderately wounded)
The stone arrow hits the catoblepas.
The catoblepas is heavily wounded.
The catoblepas gores you!!
* * * LOW HITPOINT WARNING * * *
Casting: Stone Arrow
Confirm with . or Enter, or press ? or * to list all spells.
Aiming: Stone Arrow
Press: ? - help, Shift-Dir - straight line, f/p - catoblepas
Aim: a catoblepas (heavily wounded)
The stone arrow hits the catoblepas.
The catoblepas is heavily wounded.
The catoblepas gores you!!
You die...

..............##..........
*
#.........................
................#.........
..........................
*
..........................
..........................
,
..........................
,
.......>....§§§.§Y........
...:........@......... ,
......................,, ,
......................
......................
.........####........
.######P##**#........ , *
###* ......... , *
,......... .........


You could see a catoblepas.

Vanquished Creatures
  2 two-headed ogres
  3 death yaks
  2 unseen horrors (D:10)
  Pikel (D:7)
  A black mamba (Lair:2)
  2 spiny frogs
  2 komodo dragons
  A rime drake (Lair:3)
  2 hornets (D:10)
  Prince Ribbit (Lair:1)
  Grinder (D:6)
  4 blink frogs (Lair:1)
  2 hippogriffs
  A vampire (D:10)
  8 yaks
  2 wyverns
  Duvessa (D:5)
  2 porcupines (Lair:1)
  A black bear (D:7)
  2 water moccasins
  5 ogres
  3 orc warriors
  An ice beast (D:9)
  5 sky beasts
  A necrophage (D:7)
  2 eyes of draining (D:6)
  A hornet zombie (D:10)
  2 phantoms (D:2)
  4 wolves (Lair:2)
  A crocodile (Lair:3)
  3 centaurs
  2 big kobolds
  The ghost of holmedog the Conjurer, an amateur DECj (D:3)
  8 bullfrogs
  4 scorpions
  Dowan (D:5)
  A killer bee (D:5)
  An electric eel (D:7)
  4 crimson imps
  A bullfrog zombie (D:10)
  4 hounds
  5 orc priests
  5 jellies
  3 bullfrog skeletons
  Crazy Yiuf (D:4)
  A centaur skeleton (D:8)
  2 iguanas
  6 orc wizards
  15 worker ants
  A hound skeleton (D:8)
  4 gnolls (D:6)
  A worker ant zombie (D:6)
  13 adders
  3 shadow imps
  5 oozes
  An adder zombie (D:5)
  An adder skeleton (D:6)
  7 worms
  3 dart slugs
  4 leopard geckos
  15 orcs
  3 ball pythons
  6 bats
  8 giant cockroaches
  9 goblins
  3 hobgoblins
  23 jackals
  6 quokkas
  4 frilled lizards
  A jackal skeleton (D:4)
  21 kobolds
  15 rats
291 creatures vanquished.

Vanquished Creatures (others)
  3 slaves (D:7)
  An orc wizard (D:7)
  A worker ant (D:7)
  2 orcs (D:7)
  A plant (Lair:2)
8 creatures vanquished.

Grand Total: 299 creatures vanquished

Notes
Turn   | Place    | Note
-------+----------+-------------------------------------------
     0 | D:1      | ChaseSP the Gargoyle Earth Elementalist began the quest for the Orb.
     0 | D:1      | Reached XP level 1. HP: 10/10 MP: 3/3
    81 | D:1      | Reached skill level 4 in Earth Magic
   212 | D:1      | Reached XP level 2. HP: 9/15 MP: 5/5
   939 | D:1      | Reached skill level 5 in Earth Magic
   939 | D:1      | Reached XP level 3. HP: 13/19 MP: 6/6
  1171 | D:1      | Learned a level 3 spell: Stone Arrow
  1761 | D:2      | Reached XP level 4. HP: 20/24 MP: 7/7
  1889 | D:2      | Reached skill level 1 in Conjurations
  2085 | D:2      | Found a deep blue altar of Sif Muna.
  2271 | D:2      | Became a worshipper of Sif Muna the Loreminder
  2425 | D:2      | Reached skill level 6 in Earth Magic
  2617 | D:2      | Noticed an ogre
  2617 | D:2      | Noticed a phantom
  2622 | D:2      | Noticed a phantom
  2640 | D:2      | Found an iron altar of Okawaru.
  2640 | D:2      | Found a shattered altar of Ashenzari.
  2646 | D:2      | Found a burning altar of Makhleb.
  2649 | D:2      | Found a hazy altar of Hepliaklqana.
  3299 | D:3      | Found a glowing drain.
  3307 | Sewer    | Entered a sewer
  3333 | Sewer    | Reached XP level 5. HP: 26/28 MP: 8/8
  3460 | Sewer    | Noticed a big kobold
  3474 | Sewer    | Killed a big kobold
  3919 | Sewer    | Reached skill level 7 in Earth Magic
  4117 | D:3      | Reached XP level 6. HP: 27/32 MP: 9/9
  4237 | D:3      | Found a glowing golden altar of the Shining One.
  4448 | D:3      | Found an iron altar of Okawaru.
  4476 | D:3      | Noticed holmedog's ghost (amateur DECj)
  4485 | D:3      | Killed holmedog's ghost
  4485 | D:3      | Reached * piety under Sif Muna
  4806 | D:4      | Reached skill level 1 in Invocations
  5090 | D:4      | Found a runed door.
  5169 | D:4      | Reached XP level 7. HP: 25/36 MP: 10/10
  5183 | D:4      | Learned a level 5 spell: Lee's Rapid Deconstruction
  5267 | D:4      | Noticed Crazy Yiuf
  5269 | D:4      | Killed Crazy Yiuf
  5269 | D:4      | Reached skill level 8 in Earth Magic
  5994 | D:2      | Reached skill level 1 in Fighting
  6434 | D:5      | Entered Level 5 of the Dungeon
  6438 | D:5      | Noticed Duvessa
  6486 | D:5      | Reached XP level 8. HP: 44/44 MP: 7/11
  6489 | D:5      | Reached skill level 9 in Earth Magic
  6600 | D:5      | Noticed Dowan
  6853 | D:5      | Killed Dowan
  6886 | D:5      | Killed Duvessa
  7099 | D:5      | Found a runed door.
  7102 | D:5      | Found a runed door.
  7178 | D:5      | Reached skill level 1 in Staves
  7178 | D:5      | Reached skill level 10 in Earth Magic
  7319 | D:5      | Reached ** piety under Sif Muna
  7352 | D:5      | Found a shimmering altar of Xom.
  7438 | D:5      | Found an opulent altar of Gozag.
  7460 | D:5      | Reached XP level 9. HP: 39/49 MP: 7/12
  7982 | D:6      | Noticed Grinder
  7989 | D:6      | Killed Grinder
  7989 | D:6      | Reached skill level 1 in Armour
  8059 | D:6      | Gained mutation: You are somewhat resistant to further mutation. [mutagenic meat]
  8061 | D:6      | Gained mutation: You passively map a small area around you. [mutagenic meat]
  8062 | D:6      | Gained mutation: You are covered in fur. (AC +1) [mutagenic meat]
  8078 | D:6      | Reached skill level 5 in Conjurations
  8166 | D:6      | Found a staircase to the Ecumenical Temple.
  8270 | D:6      | Found a blossoming altar of Fedhas.
  8531 | D:6      | Found a bloodstained altar of Trog.
  8827 | D:7      | Reached *** piety under Sif Muna
  9037 | D:7      | Noticed Pikel
  9062 | D:7      | Killed Pikel
  9198 | D:7      | Reached XP level 10. HP: 48/55 MP: 13/13
  9565 | D:7      | Reached skill level 11 in Earth Magic
 10377 | D:8      | Reached skill level 5 in Dodging
 10527 | D:8      | Noticed a death yak
 10540 | D:8      | Noticed a death yak
 10541 | D:8      | Noticed a death yak
 10570 | D:8      | Killed a death yak
 10643 | D:7      | Killed a death yak
 10643 | D:7      | Reached skill level 5 in Staves
 10948 | D:8      | Noticed a two-headed ogre
 10962 | D:8      | Killed a two-headed ogre
 10962 | D:8      | Reached **** piety under Sif Muna
 10962 | D:8      | Reached skill level 5 in Armour
 10962 | D:8      | Reached XP level 11. HP: 59/59 MP: 3/14
 11044 | D:8      | Learned a level 4 spell: Petrify
 11055 | D:8      | Found a staircase to the Lair.
 11242 | D:8      | Killed a death yak
 12145 | D:9      | Found a stormy altar of Qazlal.
 12250 | D:9      | Noticed a two-headed ogre
 12257 | D:9      | Killed a two-headed ogre
 12795 | D:10     | Entered Level 10 of the Dungeon
 12841 | D:10     | Killed an unseen horror
 13019 | D:10     | Noticed an unseen horror
 13029 | D:10     | Killed an unseen horror
 13046 | D:10     | Reached skill level 5 in Invocations
 13487 | D:10     | Noticed HeyBub's ghost (journeyman MiMo)
 13544 | Lair:1   | Entered Level 1 of the Lair of Beasts
 14040 | Lair:1   | Noticed Prince Ribbit
 14042 | Lair:1   | Killed Prince Ribbit
 14044 | Lair:1   | Reached skill level 5 in Spellcasting
 14050 | Lair:1   | Reached ***** piety under Sif Muna
 14373 | Lair:1   | Got an ancient dagger
 14374 | Lair:1   | Identified the +6 dagger "Hym Semu" {speed, rC+ Int+3} (You found it on level 1 of the Lair of Beasts)
 14579 | Lair:1   | Reached skill level 5 in Fighting
 14579 | Lair:1   | Reached XP level 12. HP: 59/68 MP: 0/19
 14579 | Lair:1   | Identified Sif Muna's Reference Book on Changing and the Escort (Sif Muna gifted it to you on level 1 of the Lair of Beasts)
 14579 | Lair:1   | Received a gift from Sif Muna
 14616 | Lair:1   | Learned a level 3 spell: Regeneration
 14943 | Lair:2   | Reached skill level 1 in Transmutations
 15529 | Lair:2   | Found a basalt altar of Yredelemnul.
 15732 | Lair:3   | Reached skill level 12 in Earth Magic
 15776 | Lair:3   | Noticed a catoblepas
 15793 | Lair:3   | Demolished by a catoblepas

Skill      XL: |  1  2  3  4  5  6  7  8  9 10 11 12 |
---------------+-------------------------------------+-----
Earth Magic    | 4 5 6 7 8 10 11 12 | 12.0
Conjurations   | 1 2 3 6 8 9 |  9.6
Invocations    | 1 2 3 4 5 |  5.7
Fighting       | 2 5 |  5.1
Dodging        | 2 3 4 5 6 |  6.8
Staves         | 2 3 5 |  5.5
Armour         | 2 5 |  5.3
Spellcasting   | 5 |  5.6
Stealth        | 3 |  3.5
Transmutations | 1 |  1.5

Action                   |  1- 3 |  4- 6 |  7- 9 | 10-12 || total
-------------------------+-------+-------+-------+-------++-------
Melee: Mace              |    99 |    51 |       |       ||   150
       Falchion          |       |   182 |       |       ||   182
       Rapier            |       |     4 |       |       ||     4
       Quarterstaff      |       |    63 |   334 |   378 ||   775
       Dagger            |       |       |       |    38 ||    38
 Cast: Sandblast         |    10 |     9 |    95 |    75 ||   189
       Stone Arrow       |       |     4 |    16 |    62 ||    82
       Lee's Rapid Decon |       |       |     2 |    14 ||    16
       Petrify           |       |       |       |     4 ||     4
Invok: Channel Magic     |       |       |       |     4 ||     4
Evoke: Wand              |       |       |     1 |       ||     1
  Use: Scroll            |     1 |     2 |     8 |     9 ||    20
       Potion            |       |       |     2 |     7 ||     9
 Stab: Sleeping          |       |     4 |     1 |       ||     5
       Petrified         |       |       |       |     4 ||     4
  Eat: Chunk             |     3 |     7 |    22 |    28 ||    60
       Meat ration       |       |     1 |       |       ||     1
       Royal jelly       |       |       |     1 |       ||     1
       Fruit             |       |       |       |     4 ||     4
Armor: Robe              |    51 |    55 |   144 |   207 ||   457
       Leather armour    |       |   156 |       |       ||   156
       Ring mail         |       |     2 |   102 |       ||   104
Dodge: Dodged            |   107 |   241 |   349 |   315 ||  1012
Block: Other             |       |       |       |     9 ||     9
       Rpst.: Falchion   |       |    54 |       |       ||    54
